 Seeded DCSS version 0.26-a0-964-g69f9a3b9e2 (webtiles) character file.

Game seed: 2393150434104887481 (custom seed)

23272 karrick the Covert (level 13, 0/98 HPs)
             Began as a Gnoll Enchanter on Dec 2, 2020.
             Was a High Priest of Okawaru.
             Slain by an anaconda (shapeshifter) (12 damage)
             ... on level 15 of the Dungeon on Dec 3, 2020.
             The game lasted 00:47:56 (20697 turns).

karrick the Covert (Gnoll Enchanter)               Turns: 20697, Time: 00:47:57

Health: 0/98       AC: 18    Str: 17    XL:     13   Next: 5%
Magic:  26/35      EV: 15    Int: 19    God:    Okawaru [*****.]
Gold:   859        SH:  0    Dex: 16    Spells: 14/30 levels left

rFire    . . .     SeeInvis .   g - +4 spear
rCold    . . .     Faith    .   (no shield)
rNeg     . . .     Spirit   .   Y - +2 scale mail {rPois}
rPois    +         Reflect  .   p - +0 helmet
rElec    .         Harm     .   T - scarf {+Inv}
rCorr    .         Rampage  .   S - +0 pair of gloves {Str+3}
MR       .....                  d - +0 pair of boots "Osho" {MP+9}
Stlth    +++.......             (no amulet)
HPRegen  0.26/turn              u - +4 ring of slaying
MPRegen  0.24/turn              a - +4 ring of protection

@: no status effects
A: distributed training, fangs 1, strong nose
a: Heroism, Finesse, Renounce Religion, Evoke Invisibility


You were on level 15 of the Dungeon.
You worshipped Okawaru.
Okawaru was extremely pleased with you.
You visited 2 branches of the dungeon, and saw 16 of its levels.
You also visited: Gauntlet.

You collected 859 gold pieces.

Inventory:

Hand Weapons
 g - a +4 spear (weapon)
 i - the +1 rapier of the Ghost {speed, Int+6}
   (You found it on level 7 of the Dungeon)

   Attacks with this weapon are significantly faster.
   It affects your intelligence (+6).
 M - a +1 falchion of freezing
Missiles
 v - 3 silver javelins
Armour
 d - the +0 pair of boots "Osho" (worn) {MP+9}
   (You found it in a Gauntlet)

   It affects your magic capacity (+9).
 l - the +0 pair of gloves of Fallacy {+Fly}
   (You found it in a Gauntlet)

   It lets you fly.
 p - a +0 helmet (worn)
 x - the +2 robe "Badiarol" {Stlth+}
   (You found it on level 12 of the Dungeon)

   It makes you more stealthy.
 C - a +1 pair of gloves of dexterity
 O - a +0 buckler
 S - a +0 pair of gloves of strength (worn)
 T - a scarf of invisibility (worn)
 Y - a +2 scale mail of poison resistance (worn)
Jewellery
 a - a +4 ring of protection (right hand)
 h - an uncursed ring of flight
 q - the ring "Xomn" {MP+9 Int+4}
   (You found it in a Gauntlet)

   [ring of magical power]

   It affects your intelligence (+4).
   It affects your magic capacity (+9).
 u - a +4 ring of slaying (left hand)
 y - a +6 ring of intelligence
 J - an uncursed ring of ice
 K - an uncursed ring of stealth
 L - the ring "Uramp" {*Corrode rPois rC+ AC+4}
   (You found it on level 7 of the Dungeon)

   [ring of protection]

   It affects your AC (+4).
   It protects you from cold.
   It protects you from poison.
   It may corrode you when you take damage.
Wands
 o - a wand of enslavement (1)
 r - a wand of paralysis (6)
 B - a wand of polymorph (6)
 G - a wand of acid (3)
 V - a wand of flame (15)
Scrolls
 b - a scroll of enchant weapon {unknown}
 m - a scroll of random uselessness {unknown}
 n - 5 scrolls of amnesia
 s - a scroll of teleportation
 t - 2 scrolls of magic mapping
 w - a scroll of acquirement {unknown}
 Q - a scroll of torment {unknown}
 R - 2 scrolls of remove curse
Potions
 c - a potion of mutation {unknown}
 e - 3 potions of lignification
 f - 2 potions of resistance {unknown}
 k - 3 potions of brilliance
 z - 3 potions of magic
 A - a potion of haste {unknown}
 D - 2 potions of ambrosia {unknown}
 E - 3 potions of flight
 F - a potion of might {unknown}
 I - 3 potions of curing
 N - a potion of cancellation {unknown}
 U - 2 potions of degeneration {unknown}
 Z - 3 potions of berserk rage
Miscellaneous
 X - a tin of tremorstones (2/2)


   Skills:
 + Level 7.9 Fighting
 + Level 8.3 Short Blades
 + Level 7.9 Long Blades
 + Level 7.9 Axes
 + Level 7.9 Maces & Flails
 + Level 7.9 Polearms
 + Level 7.9 Staves
 + Level 7.9 Slings
 + Level 7.9 Bows
 + Level 7.9 Crossbows
 + Level 7.9 Throwing
 + Level 7.9 Armour
 + Level 9.2 Dodging
 + Level 9.9 Stealth
 + Level 7.9 Shields
 + Level 7.9 Unarmed Combat
 + Level 9.4 Spellcasting
 + Level 6.5 Conjurations
 + Level 8.6 Hexes
 + Level 6.5 Summonings
 + Level 6.5 Necromancy
 + Level 6.5 Translocations
 + Level 6.5 Transmutations
 + Level 6.5 Fire Magic
 + Level 6.5 Ice Magic
 + Level 6.5 Air Magic
 + Level 6.5 Earth Magic
 + Level 6.5 Poison Magic
 + Level 8.6 Invocations
 + Level 7.9 Evocations


You had 14 spell levels left.
You knew the following spells:

 Your Spells              Type           Power        Failure   Level
a - Corona                Hex            #####..      1%          1
b - Confusing Touch       Hex            #####...     1%          3
c - Ensorcelled Hibernat  Hex/Ice        #####.       1%          2
d - Tukima's Dance        Hex            #####...     1%          3
e - Dazzling Flash        Conj/Hex       #####.       3%          3
f - Animate Dead          Necr           ####......   16%         4

Your spell library contained the following spells:

 Spells                   Type           Power        Failure   Level
 Animate Skeleton         Necr           ####..       1%          1
 Foxfire                  Conj/Fire      ####         1%          1
 Pain                     Necr           ####         1%          1
 Inner Flame              Hex/Fire       #####...     3%          3
 Conjure Flame            Conj/Fire      ####....     4%          3
 Ignite Poison            Fire/Tmut/Pois ####....     4%          3
 Vampiric Draining        Necr           ####......   4%          3
 Sticky Flame             Conj/Fire      ####....     16%         4
 Agony                    Necr           ####....     38%         5
 Fireball                 Conj/Fire      ####......   38%         5
 Starburst                Conj/Fire      ####......   93%         6
 Ignition                 Fire           ####......   100%        8


Dungeon Overview and Level Annotations

Branches:
Dungeon (15/15)            Temple (1/1) D:5            Lair (0/6) D:11
    Orc (0/2) D:11        Gauntlet (visited)
 Vaults: D:13-14     Depths: D:15

Altars:
Ashenzari
Cheibriados
Dithmenos
Elyvilon
Fedhas
Gozag
Kikubaaqudgha
Makhleb
Nemelex Xobeh
Okawaru
Qazlal
Ru
Sif Muna
Trog
Uskayaw
Vehumet
Wu Jian
Xom
Yredelemnul
Zin
The Shining One

Shops:
D:9 !

Annotations:
D:8 Maurice, Pikel
D:10 3 runed translucent doors, Steadysplat's ghost, journeyman GnWn
D:11 exclusion: 2 oklob plants


Innate Abilities, Weirdness & Mutations

Your experience applies equally to all skills.
You have very sharp teeth.
Your uncanny sense of smell can sniff out nearby items.


Message History

Press: ? - help, Shift-Dir - straight line, f/p - anaconda
Aim: an anaconda (moderately wounded, confused, chance to defeat MR: 50%)
The anaconda resists with significant effort.
The anaconda closely misses you. The anaconda bites you.
* * * LOW HITPOINT WARNING * * *
Unknown command.
Evoke which item? (* to show all) (? for menu, Esc to quit)
Aiming: Enslavement
Press: ? - help, Shift-Dir - straight line, f/p - anaconda
Aim: an anaconda (moderately wounded, confused, chance to defeat MR: 50%)
The anaconda resists with significant effort.
The anaconda bites you but does no damage.
Unknown command.
Evoke which item? (* to show all) (? for menu, Esc to quit)
Aiming: Enslavement
Press: ? - help, Shift-Dir - straight line, f/p - anaconda
Aim: an anaconda (moderately wounded, confused, chance to defeat MR: 50%)
The anaconda resists with significant effort.
The anaconda bites you!
You die...

..............##.#
#..# #.#
####..#######.##.#
#..# #.# #..# #.##.#
#..# #.# #..#
#.##.###..#########.#
...#
#.##.#..............#
# ....
#.##.#.....##########
. ..... #.##.......#
##.. #.####l....####
#...@SuW......#
#############.# #†# #
#u# ..Wl######
#.......# #...###.# ∆
...#..##)# ##.
..##[##


You could see a brown ugly thing, an anaconda (confused), a basilisk and a
wraith.

Vanquished Creatures
  A hell beast (Gauntlet)
  A hydra (D:15)
  2 centaur warriors (D:15)
  2 two-headed ogres
  An unseen horror (D:10)
  10 ugly things (D:15)
  2 deep elf magi
  A cyclops (D:14)
  A centaur zombie (D:13)
  Psyche (D:9)
  A gargoyle (D:13)
  5 yaktaurs
  A komodo dragon (D:10)
  A freezing wraith (D:14)
  2 trolls
  A wind drake (shapeshifter) (D:14)
  2 centaur simulacra (Gauntlet)
  A vampire (D:15)
  A water elemental (D:12)
  16 yaks
  2 shadows
  2 wyverns
  A steam dragon (D:10)
  Eustachio (D:6)
  A hog (shapeshifter) (D:14)
  Grum (D:8)
  2 soldier ants
  Duvessa (D:6)
  A water moccasin (D:11)
  3 acid dragons
  2 sky beasts
  A black bear (D:10)
  3 necrophages
  3 orc warriors
  2 eyes of draining
  5 ogres
  2 phantoms
  2 wolves (D:8)
  6 centaurs
  Blork the orc (D:6)
  7 bullfrogs
  2 gnoll sergeants (D:9)
  Dowan (D:6)
  A wyvern skeleton (D:10)
  6 scorpions
  A hornet simulacrum (Gauntlet)
  3 killer bees (D:10)
  7 howler monkeys
  6 wights
  An electric eel (D:14)
  2 bullfrog zombies
  6 hounds
  4 jellies
  A quasit (D:7)
  2 bullfrog skeletons
  8 orc wizards
  6 centaur skeletons
  2 orc priests
  A wyvern simulacrum (Gauntlet)
  10 worker ants
  3 iguanas
  2 hound skeletons
  3 worker ant zombies
  11 gnolls
  9 adders
  A shadow imp (D:6)
  3 white imps
  An ufetubus (D:6)
  3 oozes
  2 adder skeletons
  2 worms
  3 dart slugs
  5 leopard geckos
  25 orcs
  9 giant cockroaches
  8 hobgoblins
  9 jackals
  5 quokkas
  A ball python (D:4)
  9 bats
  5 frilled lizards
  21 goblins
  8 kobolds
  A leopard gecko skeleton (D:5)
  A leopard gecko zombie (D:6)
  A quokka skeleton (D:5)
  10 rats
333 creatures vanquished.

Vanquished Creatures (others)
  An ugly thing (D:15)
  A yaktaur (D:12)
  A troll (D:15)
  2 centaurs (D:15)
  3 plants (D:11)
8 creatures vanquished.

Grand Total: 341 creatures vanquished

Notes
Turn   | Place    | Note
-------+----------+-------------------------------------------
     0 | D:1      | karrick the Gnoll Enchanter began the quest for the Orb.
     0 | D:1      | Reached XP level 1. HP: 13/13 MP: 6/6
   158 | D:1      | Reached XP level 2. HP: 17/19 MP: 7/7
   961 | D:1      | Reached XP level 3. HP: 25/25 MP: 9/9
   973 | D:1      | Reached skill level 5 in Spellcasting
  1078 | D:1      | Reached skill level 1 in Invocations
  1158 | D:1      | Reached skill level 1 in Fighting
  1158 | D:1      | Reached skill level 1 in Long Blades
  1158 | D:1      | Reached skill level 1 in Axes
  1158 | D:1      | Reached skill level 1 in Maces & Flails
  1158 | D:1      | Reached skill level 1 in Polearms
  1158 | D:1      | Reached skill level 1 in Staves
  1158 | D:1      | Reached skill level 1 in Slings
  1158 | D:1      | Reached skill level 1 in Bows
  1158 | D:1      | Reached skill level 1 in Crossbows
  1158 | D:1      | Reached skill level 1 in Throwing
  1158 | D:1      | Reached skill level 1 in Armour
  1158 | D:1      | Reached skill level 1 in Shields
  1158 | D:1      | Reached skill level 1 in Unarmed Combat
  1158 | D:1      | Reached skill level 1 in Evocations
  1217 | D:1      | Reached XP level 4. HP: 32/32 MP: 11/11
  1428 | D:2      | Learned a level 3 spell: Confusing Touch
  1431 | D:2      | Learned a level 2 spell: Ensorcelled Hibernation
  1435 | D:2      | Learned a level 3 spell: Tukima's Dance
  1672 | D:2      | Reached skill level 1 in Conjurations
  1672 | D:2      | Reached skill level 1 in Summonings
  1672 | D:2      | Reached skill level 1 in Necromancy
  1672 | D:2      | Reached skill level 1 in Translocations
  1672 | D:2      | Reached skill level 1 in Transmutations
  1672 | D:2      | Reached skill level 1 in Fire Magic
  1672 | D:2      | Reached skill level 1 in Ice Magic
  1672 | D:2      | Reached skill level 1 in Air Magic
  1672 | D:2      | Reached skill level 1 in Earth Magic
  1672 | D:2      | Reached skill level 1 in Poison Magic
  2096 | D:3      | Found a shimmering altar of Xom.
  2113 | D:3      | Found a shadowy altar of Dithmenos.
  2194 | D:4      | Reached XP level 5. HP: 27/37 MP: 9/12
  2371 | D:3      | Found a shimmering altar of Xom.
  2373 | D:3      | Found a shimmering altar of Xom.
  2385 | D:3      | Found a shimmering altar of Xom.
  2390 | D:3      | Found a shimmering altar of Xom.
  3505 | D:4      | Reached XP level 6. HP: 44/44 MP: 13/13
  3718 | D:5      | Entered Level 5 of the Dungeon
  3741 | D:5      | Found an opulent altar of Gozag.
  4009 | D:5      | Reached skill level 5 in Dodging
  4119 | D:5      | Reached XP level 7. HP: 20/50 MP: 11/15
  4362 | D:5      | Found an ornate altar of the Wu Jian Council.
  4863 | D:5      | Found a staircase to the Ecumenical Temple.
  4867 | Temple   | Entered the Ecumenical Temple
  5007 | Temple   | Became a worshipper of Warmaster Okawaru
  5573 | D:6      | Reached XP level 8. HP: 57/57 MP: 16/16
  5573 | D:6      | Found a broken altar of Ashenzari.
  5870 | D:6      | Found a blossoming altar of Fedhas.
  5878 | D:6      | Noticed Duvessa
  5908 | D:6      | Found an ancient bone altar of Kikubaaqudgha.
  5948 | D:6      | Learned a level 3 spell: Dazzling Flash
  5987 | D:6      | Reached * piety under Okawaru
  6428 | D:6      | Noticed Eustachio
  6478 | D:6      | Noticed Blork the orc
  6492 | D:6      | Killed Blork the orc
  6495 | D:6      | Killed Eustachio
  6620 | D:6      | Noticed Dowan
  6752 | D:7      | Got a jewelled rapier
  6753 | D:7      | Identified the +1 rapier of the Ghost {speed, Int+6} (You
                  | found it on level 7 of the Dungeon)
  7071 | D:7      | Found an iron altar of Okawaru.
  7528 | D:7      | Got a vibrating copper ring
  7626 | D:7      | Reached XP level 9. HP: 64/65 MP: 14/18
  7886 | D:8      | Noticed Pikel
  7964 | D:6      | Killed Duvessa
  7964 | D:6      | Reached ** piety under Okawaru
  7981 | D:6      | Killed Dowan
  8752 | D:8      | Noticed Grum
  8772 | D:8      | Killed Grum
  8773 | D:8      | Reached skill level 5 in Short Blades
  9190 | D:8      | Noticed Maurice
  9231 | D:9      | Found Gotir's Distillery.
  9233 | D:9      | Noticed Psyche
  9260 | D:9      | Killed Psyche
  9261 | D:9      | Reached skill level 5 in Invocations
  9262 | D:9      | Reached *** piety under Okawaru
  9799 | D:9      | Found a blossoming altar of Fedhas.
  9974 | D:9      | Reached XP level 10. HP: 68/73 MP: 20/20
 10069 | D:9      | Found a shimmering blue altar of Sif Muna.
 10124 | D:10     | Entered Level 10 of the Dungeon
 10304 | D:10     | Reached skill level 5 in Fighting
 10304 | D:10     | Reached skill level 5 in Long Blades
 10304 | D:10     | Reached skill level 5 in Axes
 10304 | D:10     | Reached skill level 5 in Maces & Flails
 10304 | D:10     | Reached skill level 5 in Polearms
 10304 | D:10     | Reached skill level 5 in Staves
 10304 | D:10     | Reached skill level 5 in Slings
 10304 | D:10     | Reached skill level 5 in Bows
 10304 | D:10     | Reached skill level 5 in Crossbows
 10304 | D:10     | Reached skill level 5 in Throwing
 10304 | D:10     | Reached skill level 5 in Armour
 10304 | D:10     | Reached skill level 5 in Shields
 10304 | D:10     | Reached skill level 5 in Unarmed Combat
 10304 | D:10     | Reached skill level 5 in Evocations
 10782 | D:10     | Reached **** piety under Okawaru
 11194 | D:10     | Found a radiant altar of Vehumet.
 12110 | D:10     | Found a runed translucent gate.
 12110 | D:10     | Found a runed translucent gate.
 12110 | D:10     | Found a runed translucent gate.
 12110 | D:10     | Noticed Steadysplat's ghost (journeyman GnWn)
 12200 | D:10     | Noticed a two-headed ogre
 12235 | D:10     | Killed a two-headed ogre
 12778 | D:11     | Reached ***** piety under Okawaru
 12782 | D:11     | Noticed an oklob plant
 12783 | D:11     | Noticed an oklob plant
 12784 | D:11     | Found a staircase to the Lair.
 12785 | D:11     | Found a staircase to the Orcish Mines.
 12790 | D:11     | Noticed a skeletal warrior
 12793 | D:11     | Found a gate leading to a gauntlet.
 12793 | D:11     | Noticed a skeletal warrior
 12797 | D:11     | Noticed a skeletal warrior
 12797 | D:11     | Noticed a skeletal warrior
 12802 | Gauntlet | Entered a Gauntlet
 12802 | Gauntlet | Found a transporter.
 12802 | Gauntlet | Found a transporter.
 12802 | Gauntlet | Noticed an oklob plant
 13011 | Gauntlet | Found a transporter.
 13023 | Gauntlet | Found a transporter.
 13038 | Gauntlet | Found a transporter.
 13040 | Gauntlet | Found a transporter.
 13041 | Gauntlet | Found a transporter.
 13045 | Gauntlet | Found a transporter.
 13045 | Gauntlet | Found a transporter.
 13054 | Gauntlet | Noticed a hell beast
 13057 | Gauntlet | Found a transporter.
 13072 | Gauntlet | Noticed a death scarab
 13073 | Gauntlet | Found a transporter.
 13073 | Gauntlet | Noticed a spectral five-headed hydra
 13075 | Gauntlet | Noticed a death scarab
 13082 | Gauntlet | Found a runed translucent door.
 13083 | Gauntlet | Found a transporter.
 13084 | Gauntlet | Found a runed translucent door.
 13097 | Gauntlet | Found a transporter.
 13117 | Gauntlet | Found a transporter.
 13524 | Gauntlet | Identified the ring "Uramp" {*Corrode rPois rC+ AC+4} (You
                  | found it on level 7 of the Dungeon)
 13655 | Gauntlet | Killed a hell beast
 13656 | Gauntlet | Reached XP level 11. HP: 73/81 MP: 18/22
 13661 | Gauntlet | Got a pair of distressingly furry boots
 13676 | Gauntlet | Identified the cursed +0 pair of boots "Osho" {MP+9} (You
                  | found it in a Gauntlet)
 13720 | Gauntlet | Noticed a minotaur
 13881 | Gauntlet | Got a pair of warped gloves
 13881 | Gauntlet | Got a fine wooden ring
 13893 | D:12     | HP: 4/81 [water moccasin (6)]
 13945 | D:11     | Identified the cursed +0 pair of gloves of Fallacy {+Fly}
                  | (You found it in a Gauntlet)
 13946 | D:11     | Identified the ring "Xomn" {MP+9 Int+4} (You found it in a
                  | Gauntlet)
 14299 | D:10     | Reached skill level 5 in Conjurations
 14299 | D:10     | Reached skill level 5 in Summonings
 14299 | D:10     | Reached skill level 5 in Necromancy
 14299 | D:10     | Reached skill level 5 in Translocations
 14299 | D:10     | Reached skill level 5 in Transmutations
 14299 | D:10     | Reached skill level 5 in Fire Magic
 14299 | D:10     | Reached skill level 5 in Ice Magic
 14299 | D:10     | Reached skill level 5 in Air Magic
 14299 | D:10     | Reached skill level 5 in Earth Magic
 14299 | D:10     | Reached skill level 5 in Poison Magic
 14909 | D:10     | Killed an unseen horror
 15177 | D:11     | Noticed a skeletal warrior
 15232 | D:11     | Found a shimmering altar of Xom.
 15458 | D:12     | Noticed a deep elf mage
 15764 | D:12     | Received a gift from Okawaru
 15817 | D:12     | Received a gift from Okawaru
 16170 | D:12     | Got a shimmering robe
 16209 | D:12     | Killed a deep elf mage
 16610 | D:12     | Identified the +2 robe "Badiarol" {Stlth+} (You found it on
                  | level 12 of the Dungeon)
 17305 | D:13     | Got a faintly humming plate armour
 17465 | D:13     | Noticed a two-headed ogre
 17800 | D:13     | Noticed a centaur warrior
 17906 | D:14     | Reached XP level 12. HP: 77/89 MP: 24/24
 18884 | D:14     | Noticed a boulder beetle
 19263 | D:15     | Entered Level 15 of the Dungeon
 19301 | D:15     | Noticed a centaur warrior
 19320 | D:15     | Killed a centaur warrior
 19320 | D:15     | Received a gift from Okawaru
 19361 | D:15     | Identified the cursed +1 plate armour "Fatesuor" {rPois}
                  | (You found it on level 13 of the Dungeon)
 19427 | D:15     | Noticed a six-headed hydra
 19430 | D:15     | Noticed a two-headed ogre
 19447 | D:15     | Noticed a two-headed ogre
 19812 | D:15     | Noticed a centaur warrior
 19836 | D:15     | Killed a centaur warrior
 20120 | D:15     | Learned a level 4 spell: Animate Dead
 20590 | D:15     | Killed a two-headed ogre
 20669 | D:15     | Killed a six-headed hydra
 20670 | D:15     | Reached XP level 13. HP: 84/98 MP: 26/26
 20697 | D:15     | Slain by an anaconda (shapeshifter)

Illustrated notes

Levels and vault maps discovered:
D:1:      roderic_crossed_star, layout_basic, kennysheep_doodads,
          nrook_mini_backslash, minmay_close_crescents
D:2:      layout_loops_ring
D:3:      minmay_chambers_of_twos, layout_loops_cross,
          grunt_dithmenos_smoke_and_mirrors, xom_butterflies, xom_redecorated
D:4:      layout_basic
D:5:      layout_basic, nicolae_overflow_crystal_walls, kennysheep_mini,
          temple_statues, minmay_ogre_servants
D:6:      wander_river, layout_gridville, old_standard_altar,
          evilmike_ruin_ashenzari, overflow_temple_1_default,
          kennysheep_generic_room_7, uniq_duvessa, uniq_eustachio,
          uniq_blork_the_orc
D:7:      layout_basic, okawaru_trees_1
D:8:      layout_loops_ring, lemuel_coloured_pillars_altar, uniq_pikel,
          uniq_grum, uniq_maurice
D:9:      layout_gridville, lemuel_doored_altar, serial_shops, shop_fountains,
          fedhas_altar_4, uniq_psyche
D:10:     layout_loops_ring, gammafunk_ghost_spectres, st_stairs_6,
          lemuel_statue_altar
D:11:     layout_cave_pools, dpeg_oklobed_lair, orc_0_dummy,
          gauntlet_entry_generic, basic_altar
D:12:     layout_basic
D:13:     layout_roguey, grunt_vaults_entry_tiered, ebering_ghost_xom,
          grunt_gozag_statues
D:14:     layout_irregular_city, minivault_4
D:15:     grunt_enter_depths_snipers, layout_loops_ring, serial_shops,
          shop_fountains
Temple:   dshaligram_water_room_temple

Skill      XL: |  1  2  3  4  5  6  7  8  9 10 11 12 |
---------------+-------------------------------------+-----
Spellcasting   | 5 6 7 8 9 |  9.4
Stealth        | 6 7 8 9 |  9.9
Invocations    | 1 2 3 4 5 6 7 8 |  8.6
Fighting       | 1 2 3 4 6 7 |  7.9
Long Blades    | 1 2 3 4 6 7 |  7.9
Axes           | 1 2 3 4 6 7 |  7.9
Maces & Flails | 1 2 3 4 6 7 |  7.9
Polearms       | 1 2 3 4 6 7 |  7.9
Staves         | 1 2 3 4 6 7 |  7.9
Slings         | 1 2 3 4 6 7 |  7.9
Bows           | 1 2 3 4 6 7 |  7.9
Crossbows      | 1 2 3 4 6 7 |  7.9
Throwing       | 1 2 3 4 6 7 |  7.9
Armour         | 1 2 3 4 6 7 |  7.9
Shields        | 1 2 3 4 6 7 |  7.9
Unarmed Combat | 1 2 3 4 6 7 |  7.9
Evocations     | 1 2 3 4 6 7 |  7.9
Conjurations   | 1 2 3 4 5 6 |  6.5
Summonings     | 1 2 3 4 5 6 |  6.5
Necromancy     | 1 2 3 4 5 6 |  6.5
Translocations | 1 2 3 4 5 6 |  6.5
Transmutations | 1 2 3 4 5 6 |  6.5
Fire Magic     | 1 2 3 4 5 6 |  6.5
Ice Magic      | 1 2 3 4 5 6 |  6.5
Air Magic      | 1 2 3 4 5 6 |  6.5
Earth Magic    | 1 2 3 4 5 6 |  6.5
Poison Magic   | 1 2 3 4 5 6 |  6.5
Short Blades   | 3 4 5 6 7 8 |  8.3
Dodging        | 5 6 7 8 9 |  9.2
Hexes          | 6 7 8 |  8.6

Action                   |  1- 3 |  4- 6 |  7- 9 | 10-12 | 13-15 || total
-------------------------+-------+-------+-------+-------+-------++-------
Melee: Dagger            |    49 |       |       |       |       ||    49
       Bite              |     5 |     8 |    43 |   123 |     3 ||   182
       Spear             |    62 |   144 |   413 |   953 |    12 ||  1584
       Punch             |       |       |     4 |    39 |     1 ||    44
 Cast: Confusing Touch   |       |     5 |    31 |    83 |     3 ||   122
       Corona            |       |     4 |    15 |    29 |     1 ||    49
       Dazzling Flash    |       |       |     1 |       |       ||     1
Invok: Heroism           |       |       |       |     5 |       ||     5
Evoke: Wand              |       |       |     3 |    13 |     3 ||    19
  Use: Scroll            |       |       |     6 |    18 |       ||    24
       Potion            |       |       |       |     6 |       ||     6
 Stab: Sleeping          |     8 |    14 |    13 |    20 |       ||    55
       Distracted        |       |     1 |       |     3 |       ||     4
       Confused          |       |     1 |    24 |    97 |     2 ||   124
       Paralysed         |       |       |       |     6 |       ||     6
Armor: Robe              |    14 |    10 |       |       |       ||    24
       Leather armour    |       |     4 |    74 |    88 |       ||   166
       Scale mail        |       |       |       |   121 |     4 ||   125
Dodge: Dodged            |    60 |    68 |   217 |   383 |     6 ||   734

Table legend: (Time is in decaauts)
 A = Elapsed time spent in this place.
 B = Non-inter-level travel time spent in this place.
 C = Inter-level travel time spent in this place.
 D = Time resting spent in this place.
 E = Time spent auto-exploring this place.
 F = Levels seen in this place.
 G = Mean time per level.
                   A        B        C        D        E       F      G
               +--------+--------+--------+--------+--------+-----+--------+
         Total |  20492 |  19954 |    538 |   5414 |  10193 |  17 | 1205.4 |
       Dungeon |  19284 |  18784 |    500 |   5025 |   9704 |  15 | 1285.6 |
        Temple |    149 |    111 |     38 |      0 |    109 |   1 |  149.0 |
      Gauntlet |   1058 |   1058 |      0 |    389 |    380 |   1 | 1058.0 |
               +--------+--------+--------+--------+--------+-----+--------+

Top non-repeatable levels by time:
    D:10: 3489 daAuts
    D:12: 1927 daAuts
     D:5: 1716 daAuts
    D:14: 1397 daAuts
    D:15: 1386 daAuts
     D:1: 1319 daAuts
     D:6: 1312 daAuts
     D:7: 1292 daAuts
     D:9: 1075 daAuts
Gauntlet: 1058 daAuts
     D:3: 1016 daAuts
     D:8: 999 daAuts
     D:4: 782 daAuts
     D:2: 606 daAuts
    D:13: 550 daAuts
